 Dungeon Crawl Stone Soup version 0.22.0-6-g71bd7aa (webtiles) character file.

1751 rednecknazgul the Slasher (level 9, 0/47 HPs)
             Began as a Vine Stalker Monk on Aug 14, 2018.
             Was a Believer of Wu Jian.
             Slain by Harold
             ... wielding a +0 battleaxe
              (11 damage)
             ... on level 7 of the Dungeon.
             The game lasted 00:11:48 (5597 turns).

rednecknazgul the Slasher (Vine Stalker Monk)       Turns: 5597, Time: 00:11:49

Health: 0/47       AC: 14    Str: 16    XL:     9   Next: 6%
Magic:  0/10       EV:  9    Int: 10    God:    Wu Jian [**....]
Gold:   508        SH:  0    Dex: 18    Spells: 8/8 levels left

rFire    . . .     SeeInvis .   a - +0 falchion
rCold    . . .     Gourm    .   (no shield)
rNeg     . . .     Faith    .   B - +0 chain mail (curse)
rPois    .         Spirit   +   f - +0 helmet
rElec    .         Reflect  .   E - +0 cloak
rCorr    .         Harm     .   h - +0 pair of gloves
MR       +....                  v - +0 pair of boots (curse)
Stlth    ..........             (no amulet)
HPRegen  0.55/turn              (no ring)
MPRegen  0.12/turn              (no ring)

@: marked
A: fangs 3, regeneration 1, magic shield, antimagic bite, no potion heal 3, rot
immunity
a: Wall Jump, Renounce Religion


You were on level 7 of the Dungeon.
You worshipped Wu Jian.
Wu Jian was pleased with you.
You were not hungry.

You visited 2 branches of the dungeon, and saw 8 of its levels.
You also visited: Sewer and Ossuary.

You collected 508 gold pieces.

Inventory:

Hand Weapons
 a - a +0 falchion (weapon)
Armour
 f - a +0 helmet (worn)
 h - a +0 pair of gloves (worn)
 v - a cursed +0 pair of boots (worn)
 B - a cursed +0 chain mail (worn)
 E - a +0 cloak (worn)
Wands
 j - a wand of flame (23)
 r - a wand of clouds (6)
Scrolls
 b - 2 scrolls of remove curse
 d - a scroll of teleportation {unknown}
 l - 4 scrolls of identify
 o - a scroll of random uselessness {unknown}
 p - a scroll of fog {unknown}
 t - a scroll of noise {unknown}
 w - 2 scrolls of enchant armour {unknown}
 y - 2 scrolls of blinking {unknown}
 A - a scroll of enchant weapon {unknown}
 D - a scroll of fear {unknown}
Potions
 e - 3 potions of curing {unknown}
 g - 3 potions of berserk rage {unknown}
 i - a potion of haste {unknown}
 k - 5 potions of flight {unknown}
 m - 2 potions of agility {unknown}
 n - a potion of degeneration {unknown}
 q - a potion of cancellation {unknown}
 s - 4 potions of heal wounds {unknown}
 u - 2 potions of mutation {unknown}
 x - 5 potions of magic {unknown}
 z - 4 potions of brilliance {unknown}
 C - a potion of lignification {unknown}
Comestibles
 c - 7 rations


   Skills:
 + Level 5.3 Fighting
 * Level 7.1 Long Blades
 + Level 4.0 Armour
 + Level 4.8 Dodging
 - Level 2.4 Stealth


You had 8 spell levels left.
You didn't know any spells.
Your spell library was empty.

Dungeon Overview and Level Annotations

Branches:
Dungeon (7/15)             Temple (1/1) D:6

Altars:
Ashenzari
Elyvilon
Fedhas
Makhleb
Okawaru
Qazlal
Trog
Vehumet
Wu Jian
The Shining One

Shops:
D:6 =

Annotations:
D:7 Harold


Innate Abilities, Weirdness & Mutations

You have razor-sharp teeth.
Your natural rate of healing is unusually fast.
When hurt, damage is shared between your health and your magic reserves.
Your bite disrupts and absorbs the magic of your enemies.
Potions cannot restore your health.
You are immune to rotting.


Message History

You hit Harold.
Harold is heavily wounded.
A worker ant comes into view.
Harold falters for a moment.
You spin and attack Harold.
You hit Harold but do no damage. You bite Harold.
Harold's magic leaks into the air.
You drain his magic.
You feel invigorated.
Harold is heavily wounded.
Harold falters for a moment.
You see here a throwing net.
Unknown command.
You repeatedly attack Harold from above.
You closely miss Harold. You bite Harold.
Harold's magic leaks into the air.
You drain his magic.
You feel invigorated.
Harold is heavily wounded.
You barely miss Harold.
Harold is heavily wounded.
You feel sick.
You are no longer poisoned.
Harold hits you with a battleaxe!!
You die...

####### #.....#
#.....# .
#.....###.. .#.#
#.......... .#.#
#.§§§..a... .#.#
#(@@§.....# ...#
#########§##......
...# ..........#
....# .#.#
#####..### ...#
.#.# .#......# ..#
...###.#.####.# ##
.......#......###
.###.###........#
.# #............#


You could see Harold (pinned) and a worker ant.

Vanquished Creatures
  Sigmund (D:6)
  Duvessa (D:6)
  An ice beast (D:5)
  4 ogres
  A centaur (D:7)
  2 big kobolds (Sewer)
  Dowan (D:6)
  A scorpion (D:4)
  A howler monkey (D:5)
  2 bullfrog zombies
  A crimson imp (D:5)
  A centaur zombie (Ossuary)
  A hound (D:4)
  4 orc priests
  An orc wizard (D:7)
  Jessica (D:3)
  4 big kobold zombies (Ossuary)
  A hound skeleton (D:4)
  2 mummies (Ossuary)
  A worker ant zombie (D:7)
  4 gnolls (D:2)
  6 adders
  3 river rats
  3 oozes
  An adder zombie (D:6)
  An adder skeleton (D:7)
  2 worms
  2 dart slugs
  5 leopard geckos
  11 orcs
  7 ball pythons
  6 giant cockroaches
  A gnoll zombie (Ossuary)
  13 goblins
  6 hobgoblins
  6 jackals
  9 bats
  3 frilled lizards
  3 goblin zombies (Ossuary)
  3 hobgoblin zombies (Ossuary)
  A jackal skeleton (D:4)
  15 kobolds
  2 orc zombies (Ossuary)
  A quokka skeleton (D:5)
  9 rats
155 creatures vanquished.

Vanquished Creatures (others)
  A jelly (D:5)
1 creature vanquished.

Grand Total: 156 creatures vanquished

Notes
Turn   | Place    | Note
-------+----------+-------------------------------------------
     0 | D:1      | rednecknazgul the Vine Stalker Monk began the quest for the Orb.
     0 | D:1      | Reached XP level 1. HP: 11/11 MP: 2/2
   385 | D:1      | Reached XP level 2. HP: 12/16 MP: 1/3
   436 | D:1      | Reached skill level 3 in Long Blades
   831 | D:1      | Reached XP level 3. HP: 18/19 MP: 4/4
  1035 | D:1      | You fall through a shaft!
  1084 | D:2      | Reached skill level 1 in Armour
  1571 | D:2      | Gained mutation: Your natural rate of healing is unusually fast. [Vine Stalker growth]
  1571 | D:2      | Reached XP level 4. HP: 14/24 MP: 2/5
  1679 | D:2      | Found a blossoming altar of Fedhas.
  2113 | D:3      | Reached XP level 5. HP: 28/28 MP: 6/6
  2224 | D:3      | Noticed Jessica
  2235 | D:3      | Killed Jessica
  2313 | D:3      | Reached skill level 4 in Long Blades
  2469 | D:3      | Found a glowing golden altar of the Shining One.
  2971 | D:4      | Found a sand-covered staircase.
  2986 | Ossuary  | Entered an ossuary
  2998 | Ossuary  | Reached XP level 6. HP: 24/32 MP: 7/7
  3200 | D:4      | Found a radiant altar of Vehumet.
  3213 | D:4      | Found a glowing drain.
  3227 | D:4      | Reached XP level 7. HP: 25/37 MP: 6/8
  3251 | D:4      | Found a white marble altar of Elyvilon.
  3295 | D:4      | Reached skill level 5 in Long Blades
  3308 | Sewer    | Entered a sewer
  3915 | D:4      | Gained mutation: You have razor-sharp teeth. [Vine Stalker growth]
  3915 | D:4      | Reached XP level 8. HP: 23/42 MP: 9/9
  3971 | D:5      | Entered Level 5 of the Dungeon
  4017 | D:5      | Found an iron altar of Okawaru.
  4055 | D:5      | Found a stormy altar of Qazlal.
  4367 | D:5      | Reached skill level 6 in Long Blades
  4831 | D:6      | Noticed Sigmund
  4848 | D:6      | Killed Sigmund
  4909 | D:6      | Found a staircase to the Ecumenical Temple.
  4916 | Temple   | Entered the Ecumenical Temple
  4925 | Temple   | Became a worshipper of the Wu Jian Council
  4925 | Temple   | Reached * piety under Wu Jian
  4925 | Temple   | Reached ** piety under Wu Jian
  4959 | D:6      | Reached skill level 5 in Fighting
  5036 | D:6      | Found Folum's Jewellery Boutique.
  5132 | D:6      | Noticed Dowan
  5133 | D:6      | Noticed Duvessa
  5149 | D:6      | Killed Dowan
  5153 | D:6      | Killed Duvessa
  5159 | D:6      | Found a bloodstained altar of Trog.
  5514 | D:7      | Reached skill level 7 in Long Blades
  5514 | D:7      | Reached XP level 9. HP: 6/47 MP: 7/10
  5571 | D:7      | Noticed Harold
  5597 | D:7      | Slain by Harold

Skill      XL: |  1  2  3  4  5  6  7  8  9 |
---------------+----------------------------+-----
Long Blades    | 3 4 5 7 |  7.1
Fighting       | 3 4 5 |  5.3
Armour         | 1 2 3 4 |  4.0
Dodging        | 3 4 |  4.8
Stealth        | |  2.4

Action                   |  1- 3 |  4- 6 |  7- 9 || total
-------------------------+-------+-------+-------++-------
Melee: Falchion          |   101 |   194 |   326 ||   621
       Bite              |    19 |    82 |   128 ||   229
Invok: Whirlwind         |       |       |    55 ||    55
       Wall Jump         |       |       |    20 ||    20
       Lunge             |       |       |     5 ||     5
Evoke: Wand              |       |     3 |     7 ||    10
  Use: Scroll            |     2 |     1 |       ||     3
 Stab: Sleeping          |    11 |     5 |       ||    16
       Paralysed         |       |       |     6 ||     6
       Confused          |       |       |     2 ||     2
  Eat: Chunk             |     2 |     1 |       ||     3
       Ration            |       |     2 |     2 ||     4
Armor: Robe              |    16 |    10 |       ||    26
       Chain mail        |       |   122 |   147 ||   269
       Ring mail         |       |     9 |       ||     9
Dodge: Dodged            |    58 |   114 |   114 ||   286
       Rpst.: Falchion   |    20 |    35 |    34 ||    89
